Map: Emerald City LE

Players

MutaKinG

  • Race: Zerg Zerg
  • Spawn Location: 5:00

Amis

  • Race: Terran Terran
  • League: Master
  • Spawn Location: 5:00

LOADBLASTER - Winner!

  • Race: Terran Terran
  • League: Master
  • Spawn Location: 11:00

PureLegacy - Winner!

  • Race: Terran Terran
  • Spawn Location: 11:00

VOD

Have the link to the VOD?

Description

Time

  • Played on: Nov. 26, 2018, 2:53 p.m.
  • Length: 9:23
Show
View Real Time Build Order
Export as new Build Order

MutaKinG Zerg 

Build Orders: Hatch First, Muta Ling Bane 

Get SALT Encoding   

  12  0:01  Drone  
  13  0:12  Overlord  
  13  0:21  Drone  
  14  0:33  Drone x2  
  16  0:51  Hatchery  
  15  0:58  Drone  
  15  0:59  Drone  
  17  1:13  Spawning Pool  
  17  1:16  Drone  
  17  1:25  Drone  
  18  1:26  Drone  
  18  1:27  Extractor  
  18  1:31  Drone  
  19  1:50  Drone  
  20  2:01  Queen  
  20  2:03  Queen  
  20  2:04  Zergling x4  
  20  2:06  Drone  
  27  2:15  Drone  
  27  2:18  Overlord  
  28  2:26  Metabolic Boost  
  28  2:39  Drone x2  
  30  2:45  Overlord  
  30  2:47  Drone x2  
  30  2:48  Drone  
  33  2:55  Queen  
  33  2:56  Overlord  
  33  2:57  Drone  
  35  3:06  Pneumatized Carapace  
  35  3:07  Drone  
  35  3:08  Drone  
  35  3:11  Drone  
  35  3:12  Drone  
  39  3:14  Drone  
  39  3:17  Drone  
  39  3:19  Drone  
  42  3:21  Drone  
  42  3:23  Drone  
  44  3:28  Drone  
  45  3:48  Drone x6  
  51  3:49  Overlord  
  51  3:55  Overlord  
  51  3:56  Lair  
  51  3:59  Extractor  
  51  4:02  Extractor  
  49  4:03  Drone x2  
  51  4:11  Drone x4  
  51  4:14  Hatchery  
  54  4:18  Drone  
  54  4:20  Drone, Extractor  
  55  4:27  Drone x2  
  55  4:28  Drone  
  58  4:31  Drone  
  58  4:32  Drone  
  60  4:41  Drone x2  
  62  4:46  Drone x2  
  62  4:47  Drone  
  62  4:51  Drone  
  66  4:53  Drone  
  66  4:55  Extractor  
  66  4:56  Drone, Extractor  
  66  4:57  Drone, Overlord  
  67  5:01  Spire  
  67  5:06  Overseer  
  51  5:21  Drone x6  
  51  5:25  Drone x2  
  51  5:26  Drone x2  
  51  5:28  Drone  
  62  5:34  Drone  
  62  5:37  Drone x2  
  64  5:43  Drone x3  
  64  5:46  Spore Crawler, Drone  
  64  5:48  Drone x2  
  69  5:57  Overlord  
  69  6:00  Overlord, Queen  
  69  6:02  Overlord  
  71  6:11  Overlord  
  71  6:13  Baneling Nest  
  71  6:14  Zerg Flyer Weapons Level 1  
  71  6:15  Hatchery  
  71  6:17  Drone  
  71  6:18  Drone x2  
  72  6:19  Drone  
  73  6:31  Zergling x18  
  81  6:41  Mutalisk x3  
  81  6:46  Mutalisk x3  
  93  6:48  Mutalisk  
  95  6:57  Centrifical Hooks  
  95  6:58  Baneling x5  
  95  6:59  Baneling x2  
  95  7:01  Drone x2  
  95  7:02  Drone  
  98  7:13  Zergling x16  
  98  7:15  Baneling x7  
  104  7:29  Overlord  
  104  7:31  Overlord x2  
  104  7:33  Overlord x2  
  104  7:37  Hatchery  
  103  7:49  Mutalisk x9  
  121  8:01  Drone  
  121  8:02  Mutalisk x3  
  121  8:03  Evolution Chamber  
  121  8:04  Evolution Chamber  
  126  8:08  Drone x6  
  132  8:13  Mutalisk  
  132  8:16  Infestation Pit  
  133  8:20  Mutalisk  
  133  8:26  Baneling x4  
  135  8:27  Drone  
  122  8:42  Mutalisk x2  
  122  8:49  Drone x13  
  122  8:54  Extractor x2  
  133  8:57  Zergling x6  
Show
View Real Time Build Order
Export as new Build Order

Amis Terran 

Build Orders: Gas First Reaper Expand, Mech 

Get SALT Encoding   

  12  0:01  SCV  
  13  0:13  SCV  
  14  0:18  Supply Depot  
  14  0:25  SCV  
  15  0:32  Refinery  
  15  0:39  SCV  
  16  0:45  Barracks  
  16  0:56  SCV  
  17  1:08  SCV  
  18  1:20  SCV  
  19  1:32  Reaper, Orbital Command  
  20  1:45  Command Center  
  20  1:57  Factory  
  20  2:00  SCV  
  21  2:07  Supply Depot  
  21  2:10  Barracks Reactor  
  21  2:12  SCV  
  22  2:17  Refinery  
  22  2:24  SCV  
  23  2:43  Hellion  
  23  2:54  Marine x2  
  25  3:03  SCV  
  26  3:15  SCV  
  27  3:27  Starport, SCV  
  26  3:30  Barracks Tech Lab  
  26  3:31  Hellion x2  
  31  3:48  Supply Depot  
  31  3:54  SCV  
  31  3:58  Orbital Command  
  31  4:06  SCV  
  32  4:18  SCV  
  37  4:24  SCV  
  37  4:30  SCV  
  38  4:36  SCV  
  38  4:38  Hellion x2  
  43  4:40  Raven  
  43  4:43  SCV  
  43  4:44  Command Center  
  43  4:47  Supply Depot  
  43  4:48  SCV  
  43  4:51  Armory  
  43  4:52  Armory  
  44  4:55  SCV  
  45  5:00  SCV  
  45  5:05  Hellion x2, Engineering Bay  
  51  5:07  SCV  
  51  5:12  SCV  
  52  5:19  SCV  
  53  5:22  Viking  
  53  5:24  SCV  
  56  5:31  SCV  
  57  5:36  SCV  
  57  5:38  Factory  
  57  5:39  Refinery, Factory  
  57  5:40  Refinery  
  57  5:42  Terran Vehicle Weapons Level 1  
  58  5:43  SCV  
  58  5:44  Terran Vehicle And Ship Armor Level 1  
  59  5:51  SCV  
  59  5:55  SCV  
  61  5:58  Orbital Command  
  61  6:03  Hellion, SCV  
  64  6:04  Starport Reactor, Hellion  
  64  6:07  SCV  
  64  6:09  Supply Depot  
  65  6:20  SCV x2  
  65  6:24  Factory Tech Lab  
  67  6:26  SCV  
  67  6:31  Siege Tank  
  67  6:32  Infernal Pre-Igniter, SCV x2  
  73  6:41  Orbital Command  
  73  6:47  SCV x2  
  75  6:50  Siege Tank  
  78  6:59  Missile Turret, SCV x2  
  80  7:03  Viking x2  
  84  7:08  Supply Depot x2  
  84  7:10  Supply Depot  
  84  7:11  SCV  
  84  7:14  Refinery x2  
  85  7:24  Supply Depot  
  85  7:30  SCV x2  
  85  7:35  Siege Tank x2  
  85  7:36  Hellion  
  94  7:45  Orbital Command  
  87  7:58  SCV x2  
  82  8:07  Supply Depot  
  82  8:08  Supply Depot  
  82  8:10  SCV  
  82  8:11  Missile Turret  
  83  8:16  Viking x2  
  83  8:17  Hellion x2  
  91  8:21  SCV x2  
  93  8:32  Siege Tank x2  
  99  8:35  SCV  
  99  8:36  SCV x2  
  99  8:38  Missile Turret  
  99  8:40  Supply Depot  
  102  8:49  Hellion x2  
  102  8:56  Factory x2  
Show
View Real Time Build Order
Export as new Build Order

LOADBLASTER Terran - Winner!

Build Orders: Gas First Reaper Expand, Hellion Banshee 

Get SALT Encoding   

  12  0:00  SCV  
  13  0:12  SCV  
  14  0:18  Supply Depot  
  14  0:25  SCV  
  15  0:31  Refinery  
  15  0:40  SCV  
  16  0:46  Barracks  
  16  0:52  SCV  
  17  1:04  SCV  
  18  1:16  SCV  
  19  1:33  Reaper, Orbital Command  
  20  1:43  Command Center  
  20  1:54  Factory  
  20  1:59  SCV  
  21  2:10  Barracks Reactor  
  21  2:12  Supply Depot  
  21  2:13  SCV  
  22  2:21  Refinery  
  22  2:25  SCV  
  23  2:37  SCV  
  24  2:46  Starport  
  24  2:49  SCV  
  25  2:53  Barracks Tech Lab  
  25  2:55  Hellion x2  
  29  3:01  SCV, Orbital Command  
  30  3:14  SCV  
  30  3:16  Hellion x2  
  34  3:26  SCV  
  35  3:27  SCV  
  35  3:30  Cloaking Field  
  35  3:31  Banshee  
  39  3:38  SCV  
  39  3:40  Supply Depot  
  40  3:42  Hellion  
  40  3:43  SCV  
  40  3:47  Hellion  
  45  3:50  SCV  
  46  4:01  Armory  
  46  4:02  SCV x2  
  48  4:06  Supply Depot  
  48  4:12  Hellion x2  
  48  4:14  SCV x2  
  54  4:23  Supply Depot  
  54  4:28  SCV x2  
  56  4:39  Engineering Bay  
  56  4:40  SCV  
  56  4:41  SCV  
  58  4:48  Command Center  
  58  4:52  SCV  
  59  4:53  SCV  
  60  5:00  Thor  
  60  5:02  Medivac  
  60  5:06  SCV  
  69  5:11  Medivac  
  69  5:20  Refinery x2  
  69  5:21  Barracks Reactor, SCV x2  
  61  5:33  SCV  
  63  5:35  SCV  
  63  5:40  Supply Depot  
  63  5:44  Thor  
  63  5:45  SCV  
  63  5:49  Engineering Bay  
  70  5:53  Supply Depot  
  70  5:55  Terran Vehicle Weapons Level 1  
  70  6:00  SCV x2  
  70  6:02  Orbital Command  
  70  6:04  Barracks Tech Lab  
  72  6:12  Factory, SCV x2  
  74  6:21  Factory  
  74  6:22  Missile Turret x2  
  74  6:23  Missile Turret x2  
  74  6:24  SCV x2  
  76  6:26  Orbital Command  
  76  6:31  Refinery  
  76  6:33  Refinery  
  76  6:34  Thor  
  76  6:36  SCV x2  
  83  6:43  Supply Depot  
  80  6:47  Medivac  
  80  6:48  SCV x2  
  80  6:50  Missile Turret  
  80  6:53  Missile Turret  
  84  6:55  SCV  
  84  6:57  Hellion  
  84  7:01  SCV x2  
  89  7:07  SCV  
  90  7:13  SCV x2  
  88  7:16  Factory, Thor  
  88  7:17  Factory  
  88  7:19  Hellion, SCV  
  97  7:25  SCV x2  
  97  7:26  Supply Depot  
  97  7:27  Supply Depot  
  99  7:31  Hellion, SCV  
  99  7:35  Viking  
  104  7:37  SCV x2  
  104  7:42  Viking  
  104  7:44  SCV  
  109  7:46  Infernal Pre-Igniter  
  109  7:47  Sensor Tower  
  109  7:49  SCV x2  
  111  7:54  Thor  
  117  8:03  Factory Reactor, Factory Tech Lab  
  117  8:05  Hellion x3  
  123  8:18  Supply Depot  
  123  8:24  Command Center  
  123  8:26  Missile Turret  
  123  8:37  Thor  
  123  8:40  Thor  
  129  8:43  SCV  
  129  8:47  Hellion  
  129  8:48  Missile Turret, SCV  
  131  8:49  Missile Turret  
  146  9:10  SCV  
Show
View Real Time Build Order
Export as new Build Order

PureLegacy Terran - Winner!

Build Orders: Reaper Expand 

Get SALT Encoding   

  12  0:00  SCV  
  13  0:13  SCV  
  14  0:22  Supply Depot  
  14  0:25  SCV  
  15  0:44  SCV  
  15  0:45  Barracks  
  15  0:47  Refinery  
  16  0:56  SCV  
  17  1:08  SCV  
  18  1:20  SCV  
  19  1:32  Orbital Command  
  19  1:33  Reaper  
  20  1:48  Command Center  
  20  1:59  Supply Depot  
  20  2:00  SCV  
  21  2:07  Barracks Reactor  
  21  2:12  SCV  
  22  2:24  SCV  
  22  2:27  Command Center  
  23  2:38  SCV  
  23  2:43  Barracks  
  24  2:58  SCV  
  25  3:00  Orbital Command  
  25  3:05  Barracks  
  25  3:10  SCV  
  25  3:11  Marine  
  25  3:12  Marine  
  28  3:22  Refinery, SCV  
  28  3:26  SCV  
  30  3:29  Marine x2  
  30  3:32  Barracks Tech Lab  
  32  3:35  SCV  
  32  3:38  SCV  
  32  3:39  Orbital Command  
  34  3:47  Marine x2, SCV  
  36  3:50  SCV  
  36  3:51  Marine, Stimpack  
  36  3:52  Marine  
  39  3:59  SCV  
  39  4:02  SCV  
  41  4:05  SCV  
  41  4:07  Marine x2  
  44  4:11  SCV  
  44  4:14  Factory, SCV, Supply Depot  
  44  4:15  Marine x2  
  48  4:17  SCV  
  48  4:23  SCV  
  50  4:25  Marine  
  50  4:26  Marine, SCV  
  50  4:30  Barracks  
  50  4:31  Barracks, SCV  
  54  4:36  SCV  
  54  4:37  Engineering Bay  
  55  4:39  Marine x2  
  55  4:41  SCV  
  55  4:43  SCV  
  59  4:47  Supply Depot  
  59  4:53  Engineering Bay  
  59  4:56  SCV  
  59  4:57  SCV  
  59  4:58  Refinery, SCV  
  59  4:59  Refinery  
  62  5:00  Factory Reactor, Starport  
  62  5:05  Missile Turret  
  62  5:10  Missile Turret  
  62  5:12  Missile Turret  
  62  5:13  Barracks Reactor  
  62  5:18  Missile Turret  
  62  5:22  Barracks Reactor x2  
  62  5:24  Marine x2  
  62  5:26  SCV  
  65  5:29  SCV  
  66  5:38  SCV  
  66  5:40  Missile Turret  
  67  5:43  Terran Infantry Armor Level 1, Terran Infantry Weapons Level 1  
  67  5:45  SCV  
  68  5:50  SCV  
  68  5:52  Marine x4, Orbital Command  
  68  5:53  Medivac x2  
  77  5:57  Supply Depot  
  77  6:00  Combat Shield  
  77  6:12  Supply Depot  
  77  6:13  Armory  
  77  6:16  SCV x2  
  77  6:18  SCV  
  80  6:20  Marine x9  
  80  6:25  Supply Depot  
  89  6:28  SCV x2  
  89  6:30  SCV  
  92  6:40  Marine x4, SCV  
  92  6:41  Marine x2  
  92  6:43  Medivac  
  92  6:44  Supply Depot  
  92  6:45  Supply Depot  
  92  6:47  Medivac, SCV x2  
  105  6:49  Marine x2  
  107  6:57  SCV  
  108  7:01  Barracks  
  108  7:02  Barracks, Supply Depot  
  108  7:03  Barracks  
  108  7:05  SCV x2  
  108  7:08  Bunker  
  110  7:11  Supply Depot  
  110  7:15  Medivac  
  110  7:17  Medivac  
  110  7:21  Marine x3  
  110  7:22  Marine x4  
  121  7:24  Supply Depot  
  121  7:28  Supply Depot  
  121  7:34  Marine x2  
  120  7:57  Barracks Tech Lab x3  
  112  7:58  Marine x3, Command Center  
  112  7:59  Marine x6  
  112  8:04  SCV  
  112  8:05  Refinery x2  
  122  8:07  SCV x2  
  124  8:17  Supply Depot  
  124  8:18  Supply Depot x2, SCV  
  124  8:19  SCV x2  
  127  8:26  Marine  
  128  8:28  Marine x4  
  128  8:29  Marine, Marauder x2  
  128  8:32  Missile Turret  
  129  8:43  Medivac x2  
  129  8:44  Marine x3  
  129  8:45  Marauder x2  
  139  8:52  Supply Depot  
  139  8:54  Marine x2  
  139  8:55  Marine, Marauder  
  144  8:59  Marine x2  
Tags
 
Add a new tag
Caveats
  • Supply blocks, unpowered buildings, or Contaminate may cause inaccurate times.
  • Supply counts are checked every 10 seconds.